 Dungeon Crawl Stone Soup version 0.32-a0-42-ga30500b4d3 (webtiles) character file.

Game seed: 13236991010522883561

1 Charlie33ad the Firebug (level 1, -2/10 HPs)
             Began as a Gargoyle Fire Elementalist on Feb 2, 2024.
             Slain by a quokka (4 damage)
             ... on level 2 of the Dungeon.
             The game lasted 00:01:27 (147 turns).

Charlie33ad the Firebug (Gargoyle Fire Elementalist) Turns: 147, Time: 00:01:27

Health: -2/10      AC:  4    Str: 11    XL:     1   Next: 20%
Magic:  3/3        EV: 11    Int: 15    God:
Gold:   18         SH:  0    Dex: 10    Spells: 3/4 levels left

rFire   . . .        d - +0 mace
rCold   . . .        (no shield)
rNeg    + . .        a - +0 robe
rPois   ∞            (no helmet)
rElec   +            (no cloak)
rCorr   .            (no gloves)
SInv    .            (no boots)
Will    .....        (no amulet)
Stlth   ++           (no ring)
HPRegen 0.21/turn    (no ring)
MPRegen 0.08/turn

%: no passive effects
@: no status effects
A: sickness immunity, AC +2, negative energy resistance 1, electricity
resistance, torment resistance 1, petrification resistance
a: no special abilities


You were on level 2 of the Dungeon.
You visited 1 branch of the dungeon, and saw 2 of its levels.

You collected 18 gold pieces.

Inventory:

Hand Weapons
 d - a +0 mace (weapon)
 e - a +0 short sword
Armour
 a - a +0 robe (worn)
Scrolls
 c - a scroll of butterflies {unknown}
Potions
 b - a potion of magic


   Skills:
 + Level 1.5 Dodging
 + Level 2.1 Stealth
 + Level 2.1 Spellcasting
 + Level 1.1 Conjurations
 + Level 3.0 Fire Magic


You had 3 spell levels left.
You knew the following spells:

 Your Spells              Type           Power      Damage    Failure   Level
a - Foxfire               Conj/Fire      28%        2x1d5     10%         1

Your spell library contained the following spells:

 Spells                   Type           Power      Damage    Failure   Level
 Scorch                   Fire           20%        2d5       10%         2
 Inner Flame              Hex/Fire       6%         N/A       34%         3
 Volatile Blastmotes      Fire/Tloc      12%        2d11      34%         3
 Flame Wave               Conj/Fire      7%         2d5       67%         4


Dungeon Overview and Level Annotations

Branches:
Dungeon (2/15)

Altars:


Innate Abilities, Weirdness & Mutations

You are immune to sickness and miasma.
Your stone body is resilient. (AC +2)
You are immune to poison.
You resist negative energy. (rN+)
You are resistant to electric shocks. (rElec)
You are resistant to unholy torment.
You are immune to petrification.


Message History

The quokka bites you but does no damage. x2
You closely miss the quokka. The quokka barely misses you.
The quokka bites you but does no damage.
You barely miss the quokka. The quokka barely misses you.
You miss the quokka. The quokka barely misses you. x2
You hit the quokka.
The quokka is heavily wounded.
The quokka closely misses you. The quokka bites you.
You closely miss the quokka.
The quokka is heavily wounded.
The quokka barely misses you.
You closely miss the quokka.
The quokka is heavily wounded.
The quokka completely misses you. The quokka barely misses you.
You closely miss the quokka.
The quokka is heavily wounded.
The quokka closely misses you. x2
You barely miss the quokka.
The quokka is heavily wounded.
The quokka bites you.
The quokka bites you but does no damage.
You closely miss the quokka.
The quokka is heavily wounded.
The quokka barely misses you.
You closely miss the quokka.
The quokka is heavily wounded.
The quokka misses you. The quokka bites you.
You hit the quokka but do no damage.
The quokka is heavily wounded.
The quokka bites you but does no damage.
The quokka bites you.
You barely miss the quokka.
The quokka is heavily wounded.
The quokka bites you but does no damage.
You closely miss the quokka.
The quokka is heavily wounded.
The quokka bites you.
* * * LOW HITPOINT WARNING * * *
The quokka bites you.
You die...

## ...
###########..
#............
#.#.......# #
#.......######+##
#.......#........
#......r#........
+......@+..>.....
#.......#.......K
#....<.........#
#..............#
#..............#
#.......##+#####
..######## ...
...


You could see a quokka.

Vanquished Creatures
  A kobold (D:2)
1 creature vanquished.

Notes
Turn   | Place    | Note
-------+----------+-------------------------------------------
     0 | D:1      | Charlie33ad the Gargoyle Fire Elementalist began the quest
                  | for the Orb.
     0 | D:1      | Reached XP level 1. HP: 10/10 MP: 3/3
   147 | D:2      | Slain by a quokka

Illustrated notes

Levels and vault maps discovered:
D:1:      lemuel_arrival_broad_hall, layout_basic,
          hellmonk_ecumenical_altar_inner_sanctum
D:2:      layout_basic, basic_altar, minivault_27

Action                     || total
---------------------------++-------
  Melee: Mace              ||    20
 Armour: Robe              ||    17
  Dodge: Dodged            ||    14

Table legend: (Time is in decaauts)
 A = Elapsed time spent in this place.
 B = Non-inter-level travel time spent in this place.
 C = Inter-level travel time spent in this place.
 D = Time resting spent in this place.
 E = Time spent auto-exploring this place.
 F = Levels seen in this place.
 G = Mean time per level.
                   A        B        C        D        E       F      G
               +--------+--------+--------+--------+--------+-----+--------+
         Total |    153 |    150 |      3 |      0 |      0 |   2 |   76.5 |
       Dungeon |    153 |    150 |      3 |      0 |      0 |   2 |   76.5 |
               +--------+--------+--------+--------+--------+-----+--------+

Top non-repeatable levels by time:
     D:1: 98 daAuts
     D:2: 55 daAuts
